[ AOE2 MATCH · #506666360 ]
UnrankedByzantines vs Mongols
Player's team · WIN
Rival team · LOSS
[ REPLAY ANALYSIS · EXTRACTED FROM THE RECORDED GAME ]
Feudal
9:18
Castle
—
Imperial
—
| APM avg | 91.1 |
| APM peak | 140 |
| eAPM avg | 43.5 |
| Villagers / military | 27 / 15 |
Focus
⚔️ 52.6% · 🌾 47.4%
Skirmisher ×10 · Spearman ×5
Feudal
7:54
Castle
—
Imperial
—
| APM avg | 68.4 |
| APM peak | 87 |
| eAPM avg | 22.7 |
| Villagers / military | 20 / 8 |
Focus
⚔️ 20.3% · 🌾 79.7%
Skirmisher ×6 · Scout Cavalry ×2
Match map
Initial resources + every placement click. Lines = walls · curves = elevation contours. ◆ gold · ⬟ stone · ● berries · ✦ relic · ◌ wall gap
Your base· Open — unwalled flank
游戏而已's base· Open — unwalled flank
Smoothed initial terrain · ◌ = detected wall gap · hover for details
Inputs per minute
— Iam_SoBad - - 游戏而已
Build order — Iam_SoBad
79 actions detected in the replay
| 0:01 | Create | Villager (Male) |
| 0:01 | Create | Villager (Male) |
| 0:01 | Create | Villager (Male) |
| 0:01 | Create | Villager (Male) |
| 0:02 | Build | House |
| 0:04 | Build | House |
| 1:24 | Create | Villager (Male) |
| 1:53 | Build | Lumber Camp |
| 1:58 | Create | Villager (Male) |
| 2:22 | Create | Villager (Male) |
| 2:44 | Create | Villager (Male) |
| 3:12 | Create | Villager (Male) |
| 3:12 | Create | Villager (Male) |
| 3:35 | Create | Villager (Male) |
| 3:35 | Create | Villager (Male) |
| 3:36 | Build | House |
| 3:52 | Create | Villager (Male) |
| 3:53 | Create | Villager (Male) |
| 4:22 | Create | Villager (Male) |
| 4:38 | Build | Mill |
| 5:03 | Create | Villager (Male) |
| 5:12 | Create | Villager (Male) |
| 5:34 | Create | Villager (Male) |
| 5:49 | Create | Villager (Male) |
| 6:09 | Research | Loom |
| 6:09 | Research | Loom |
| 6:56 | Research | Feudal Age |
| 6:57 | Research | Feudal Age |
| 7:30 | Build | Palisade Wall |
| 7:34 | Build | House |
| 7:45 | Build | Palisade Wall |
| 7:48 | Build | Palisade Wall |
| 7:56 | Create | Villager (Male) |
| 8:35 | Build | House |
| 8:45 | Build | Barracks |
| 9:02 | Build | Barracks |
| 9:05 | Build | Palisade Gate |
| 9:08 | Create | Villager (Male) |
| 9:15 | Build | Palisade Wall |
| 9:18 | Age | Feudal Age |
| 9:44 | Build | House |
| 9:51 | Create | Villager (Male) |
| 9:52 | Create | Villager (Male) |
| 9:54 | Research | Double-Bit Axe |
| 9:54 | Research | Double-Bit Axe |
| 9:56 | Create | Spearman |
| 9:56 | Create | Spearman |
| 9:58 | Build | Archery Range |
| 10:23 | Create | Spearman |
| 10:25 | Create | Villager (Male) |
| 10:40 | Build | Blacksmith |
| 10:41 | Create | Skirmisher |
| 10:41 | Create | Skirmisher |
| 10:42 | Create | Skirmisher |
| 10:51 | Create | Skirmisher |
| 11:10 | Create | Skirmisher |
| 11:17 | Build | House |
| 11:22 | Build | Watch Tower |
| 11:26 | Build | House |
| 11:31 | Create | Skirmisher |
| 11:31 | Create | Villager (Male) |
| 11:37 | Build | Stone Wall |
| 11:49 | Build | Stone Wall |
| 11:51 | Build | Stone Wall |
| 11:53 | Build | House |
| 11:54 | Create | Skirmisher |
| 11:55 | Create | Skirmisher |
| 12:16 | Create | Spearman |
| 12:16 | Create | Spearman |
| 12:27 | Build | Farm |
| 12:28 | Build | Farm |
| 12:30 | Build | Farm |
| 12:37 | Create | Skirmisher |
| 12:38 | Create | Skirmisher |
| 12:56 | Build | Farm |
| 12:57 | Build | Farm |
| 12:59 | Create | Villager (Male) |
| 13:13 | Create | Villager (Male) |
| 13:15 | Build | House |
Build order — 游戏而已
59 actions detected in the replay
| 0:00 | Create | Villager (Male) |
| 0:01 | Create | Villager (Male) |
| 0:01 | Create | Villager (Male) |
| 0:01 | Create | Villager (Male) |
| 0:01 | Create | Villager (Male) |
| 0:03 | Build | House |
| 0:06 | Build | House |
| 1:33 | Create | Villager (Male) |
| 2:10 | Create | Villager (Male) |
| 2:16 | Build | House |
| 2:21 | Build | Lumber Camp |
| 2:28 | Create | Villager (Male) |
| 2:47 | Create | Villager (Male) |
| 3:14 | Create | Villager (Male) |
| 3:36 | Create | Villager (Male) |
| 3:59 | Create | Villager (Male) |
| 4:03 | Build | Mill |
| 4:29 | Create | Villager (Male) |
| 4:54 | Create | Villager (Male) |
| 5:44 | Research | Feudal Age |
| 5:44 | Research | Feudal Age |
| 5:45 | Research | Loom |
| 6:42 | Build | Barracks |
| 6:48 | Build | House |
| 7:18 | Build | Palisade Wall |
| 7:32 | Build | Palisade Wall |
| 7:40 | Build | Palisade Wall |
| 7:44 | Build | Palisade Wall |
| 7:48 | Create | Villager (Male) |
| 7:54 | Age | Feudal Age |
| 7:56 | Build | Stable |
| 8:02 | Research | Double-Bit Axe |
| 8:22 | Build | House |
| 8:31 | Create | Villager (Male) |
| 8:40 | Create | Scout Cavalry |
| 9:12 | Build | House |
| 9:18 | Create | Villager (Male) |
| 9:34 | Create | Scout Cavalry |
| 9:46 | Build | Archery Range |
| 9:49 | Create | Villager (Male) |
| 10:24 | Build | Blacksmith |
| 10:29 | Create | Skirmisher |
| 10:31 | Create | Villager (Male) |
| 10:58 | Build | House |
| 11:03 | Create | Skirmisher |
| 11:17 | Create | Villager (Male) |
| 11:34 | Create | Skirmisher |
| 11:53 | Research | Fletching |
| 11:53 | Research | Fletching |
| 12:13 | Create | Skirmisher |
| 12:32 | Create | Skirmisher |
| 12:45 | Build | Farm |
| 12:46 | Build | Farm |
| 12:46 | Build | Farm |
| 12:58 | Build | Farm |
| 12:58 | Build | Farm |
| 12:59 | Build | Farm |
| 13:00 | Build | Farm |
| 13:07 | Create | Skirmisher |
Match timeline
| 6:42 | 游戏而已 · first_building Barracks |
| 7:18 | 游戏而已 · wall_segment Palisade Wall x1 |
| 7:30 | Iam_SoBad · wall_segment Palisade Wall x1 |
| 7:32 | 游戏而已 · wall_segment Palisade Wall x1 |
| 7:40 | 游戏而已 · wall_segment Palisade Wall x1 |
| 7:44 | 游戏而已 · wall_segment Palisade Wall x1 |
| 7:45 | Iam_SoBad · wall_segment Palisade Wall x5 |
| 7:48 | Iam_SoBad · wall_segment Palisade Wall x1 |
| 7:54 | 游戏而已 · age_up feudal |
| 7:56 | 游戏而已 · first_building Stable |
| 8:45 | Iam_SoBad · first_building Barracks |
| 9:15 | Iam_SoBad · wall_segment Palisade Wall x1 |
| 9:18 | Iam_SoBad · age_up feudal |
| 9:46 | 游戏而已 · first_building Archery Range |
| 9:58 | Iam_SoBad · first_building Archery Range |
| 11:37 | Iam_SoBad · wall_segment Stone Wall x1 |
| 11:49 | Iam_SoBad · wall_segment Stone Wall x1 |
| 11:51 | Iam_SoBad · wall_segment Stone Wall x1 |
| 13:31 | 游戏而已 · resign |
[ AI ANALYSIS · 1 CREDIT ]
What really happened in this match?
Wolo.gg analyzes every decision: build order, eco, micro, common mistakes by bracket. Personalized analysis on WhatsApp or Discord in 30 seconds.
Civ guide
Byzantines
Perfil
Iam_SoBad